 Dungeon Crawl Stone Soup version 0.18-a0-822-gb52b7b4 (webtiles) character file.

91 4thArraOfDagon the Skirmisher (level 4, 0/48 HPs)
             Began as an Ogre Hunter on Dec 16, 2015.
             Was an Initiate of Cheibriados (penitent).
             Slain by a kobold
             ... wielding a +0 vampiric short sword
              (2 damage)
             ... on level 3 of the Dungeon.
             The game lasted 00:06:34 (802 turns).

4thArraOfDagon the Skirmisher (Ogre Hunter)          Turns: 802, Time: 00:06:34

Health: 0/48       AC:  3    Str: 17    XL:     4   Next: 59%
Magic:  0/4        EV: 10    Int: 16    God:    Cheibriados [*]
Gold:   75         SH:  0    Dex: 10    Spells: 0 memorised, 3 levels left

rFire  . . .     SeeInvis .     e - +0 club
rCold  . . .     Gourm    .     b - +0 robe
rNeg   . . .     Faith    .     (no shield)
rPois  .         Spirit   +     (helmet restricted)
rElec  .         Dismiss  .     (no cloak)
rCorr  .         Reflect  .     (gloves unavailable)
SustAt .         Harm     .     (boots unavailable)
MR     .....                    h - amulet of guardian spirit
Stlth  +.........               (no ring)
                                (no ring)

@: brilliant, lethally poisoned (0 -> -8), very slightly contaminated, very
slow, not resistant to hostile enchantments, very unstealthy
A: unfitting armour, tough skin 1
a: Renounce Religion


You were on level 3 of the Dungeon.
You worshipped Cheibriados.
Cheibriados was demanding penance.
You were not hungry.

You visited 2 branches of the dungeon, and saw 5 of its levels.

You collected 75 gold pieces.

Inventory:

Hand Weapons
 e - a +0 club (weapon)
 n - a +2 battleaxe of venom
Missiles
 c - 2 tomahawks (quivered)
Armour
 b - a +0 robe (worn)
Jewellery
 h - an amulet of guardian spirit (around neck)
Wands
 i - a wand of frost (11)
Scrolls
 k - a scroll of remove curse
Comestibles
 f - a bread ration


   Skills:
 + Level 4.1 Fighting
 * Level 0.3(1.4) Axes
 - Level 4.1(4.2) Maces & Flails
 - Level 4.0 Throwing
 - Level 1.7 Dodging
 - Level 0.7 Stealth


You had 3 spell levels left.
You didn't know any spells.

Dungeon Overview and Level Annotations

Branches:
Dungeon (4/15)             Temple (1/1) D:4

Altars:
Ashenzari
Cheibriados
Dithmenos
Elyvilon
Fedhas
Gozag
Kikubaaqudgha
Makhleb
Nemelex Xobeh
Okawaru
Pakellas
Qazlal
Ru
Sif Muna
Trog
Vehumet
Zin
The Shining One


Innate Abilities, Weirdness & Mutations

You are too large for most types of armour.
You have tough skin (AC +1).


Message History

Unknown command.
Unknown command.
You closely miss the adder.
The adder is severely wounded.
* * * LOW HITPOINT WARNING * * *
You feel sick. The adder bites you.
* * * LOW HITPOINT WARNING * * *
Unknown command.
You completely miss the adder.
The adder is severely wounded.
* * * LOW HITPOINT WARNING * * *
You feel sick.
You kill the adder!
Cheibriados appreciates the change of pace.
Unknown command.
Unknown command.
* * * LOW HITPOINT WARNING * * *
You feel sick.
The kobold hits you with a vampiric short sword.
You die...

#..[...# .# #..###.#
#.#.. ##.# #.# #.#.#
###.###.#####.#.#
#.).............#
#"#.............#
#.###...........# #.#
#..#.#......##### #.#
#..##......@....#
#.###..###..#..#K##.#
#.##......(.>).#†##.#
#.##..........[...#.#
#...........#..##.#.#
##...........# .#.#
#............# .#.#
#.##..###(#.## .#.# #
#.. #.#.# .#


You could see a kobold.

Vanquished Creatures
  An orc wizard (D:4)
  4 adders
  A giant gecko (D:3)
  5 orcs
  A ball python (D:2)
  2 giant cockroaches (D:2)
  3 hobgoblins
  2 quokkas
  3 bats
  A giant newt (D:4)
  3 goblins
  A rat (D:3)
27 creatures vanquished.

Notes
Turn   | Place    | Note
--------------------------------------------------------------
     0 | D:1      | 4thArraOfDagon the Ogre Hunter began the quest for the Orb.
     0 | D:1      | Reached XP level 1. HP: 22/22 MP: 1/1
   171 | D:2      | Reached skill level 1 in Maces & Flails
   171 | D:2      | Reached XP level 2. HP: 29/31 MP: 2/2
   299 | D:3      | Reached XP level 3. HP: 32/37 MP: 3/3
   530 | D:4      | Found a staircase to the Ecumenical Temple.
   554 | D:4      | Reached XP level 4. HP: 32/48 MP: 4/4
   652 | Temple   | Entered the Ecumenical Temple
   686 | Temple   | Became a worshipper of Cheibriados the Contemplative
   748 | D:4      | rip
   748 | D:4      | good char tho
   755 | D:4      | Was placed under penance by Cheibriados
   802 | D:3      | HP: 2/48 [poisoned by an adder]
   802 | D:3      | Slain by a kobold

Vault maps used:
D:1:      lightli_arrival_isolated_outpost
D:3:      first_bread, amethyst_killhole
D:4:      minmay_temple_entry_statues_fountains, uniq_duvessa
Temple:   kilobyte_greek_temple_18

Action                   |  1- 3 |  4- 6 || total
-------------------------+-------+-------++-------
Melee: Club              |    43 |    18 ||    61
       Battleaxe         |       |    10 ||    10
Throw: Large rock        |    22 |    14 ||    36
       Throwing net      |     3 |     3 ||     6
       Tomahawk          |       |     2 ||     2
Evoke: Wand              |     4 |       ||     4
  Use: Scroll            |     2 |     2 ||     4
       Potion            |     1 |     3 ||     4
